 Dungeon Crawl Stone Soup version 0.24.1-8-ga250c9d538 (webtiles) character file.

Game seed: 8543953484793494649, levelgen mode: deterministic

2560 Hugehornet the Changer (level 9, -3/53 HPs)
             Began as an Octopode Transmuter on May 3, 2020.
             Was an Initiate of Cheibriados.
             Slain by a mummy (15 damage)
             ... in an ossuary.
             The game lasted 00:22:45 (10219 turns).

Hugehornet the Changer (Octopode Transmuter)       Turns: 10219, Time: 00:22:45

Health: -3/53      AC:  1    Str: 11    XL:     9   Next: 56%
Magic:  15/15      EV: 13    Int: 19    God:    Cheibriados [......]
Gold:   91         SH:  0    Dex: 15    Spells: 6/16 levels left

rFire    . . .     SeeInvis .     - Unarmed
rCold    . . .     Gourm    .   (no shield)
rNeg     + . .     Faith    .   (helmet restricted)
rPois    +         Spirit   .   (no amulet)
rElec    .         Reflect  .   g - ring of positive energy
rCorr    .         Harm     .   n - +2 ring of dexterity
MR       .....                  u - ring of poison resistance
Stlth    ++++......             (no ring)
HPRegen  0.17/turn              (no ring)
MPRegen  0.14/turn              (no ring)
                                (no ring)
                                (no ring)

@: appendage, very slow
A: almost no armour, stealthy swim, amphibious, 8 rings, constrict 8, tentacle
spike 3, camouflage 1, gelatinous body 1
a: End Transformation, Bend Time, Renounce Religion


You were in an ossuary.
You worshipped Cheibriados.
Cheibriados was noncommittal.
You were not hungry.
One of your tentacles had a temporary spike.
You visited 2 branches of the dungeon, and saw 9 of its levels.
You also visited: Ossuary.

You collected 336 gold pieces.
You spent 245 gold pieces at shops.

Inventory:

Hand Weapons
 s - a +1 dagger of speed
Missiles
 a - 120 arrows
Jewellery
 g - a ring of positive energy (left tentacle)
 n - a +2 ring of dexterity (right tentacle)
 u - a ring of poison resistance (on tentacle)
Wands
 v - a wand of clouds (6)
Scrolls
 b - a scroll of enchant weapon {unknown}
 d - 2 scrolls of fear
 e - 5 scrolls of teleportation
 h - a scroll of magic mapping
 j - 8 scrolls of remove curse
 k - 2 scrolls of random uselessness
 l - a scroll of noise {unknown}
 m - a scroll of immolation {unknown}
 o - a scroll of blinking
 q - 2 scrolls of amnesia {unknown}
 r - 2 scrolls of fog {unknown}
Potions
 f - 5 potions of curing
 i - a potion of magic
 p - a potion of lignification {unknown}
 t - 2 potions of brilliance
 w - a potion of cancellation {unknown}
 x - a potion of agility {unknown}
 z - 2 potions of degeneration {unknown}
 A - 2 potions of haste {unknown}
Comestibles
 c - 13 rations


   Skills:
 - Level 1.0 Fighting
 - Level 2.0 Dodging
 + Level 5.6 Stealth
 * Level 7.7 Unarmed Combat
 - Level 4.0 Spellcasting
 * Level 7.8 Transmutations
 - Level 3.5 Ice Magic
 - Level 2.0 Poison Magic
 + Level 1.0 Invocations


You had 6 spell levels left.
You knew the following spells:

 Your Spells              Type           Power        Failure   Level  Hunger
a - Beastly Appendage     Tmut           ####..       1%          1    None
b - Sticks to Snakes      Tmut           ####....     1%          2    ##.....
c - Spider Form           Tmut/Pois      ###.......   5%          3    ###....
d - Ice Form              Ice/Tmut       ####....     13%         4    ####...

Your spell library contained the following spells:

 Spells                   Type           Power        Failure   Level  Hunger
 Blade Hands              Tmut           ####......   16%         5    ######.


Dungeon Overview and Level Annotations

Branches:
Dungeon (8/15)             Temple (1/1) D:6         Ossuary (1/1)
   Lair: D:8-11

Altars:
Ashenzari
Cheibriados
Dithmenos
Elyvilon
Fedhas
Gozag
Hepliaklqana
Makhleb
Nemelex Xobeh
Okawaru
Qazlal
Ru
Trog
Uskayaw
Wu Jian
Xom
Yredelemnul
Zin
The Shining One

Shops:
D:4 %:!}*   D:6 *

Annotations:
D:5 exclusion: ice beast, Sigmund


Innate Abilities, Weirdness & Mutations

You cannot wear most types of armour.
You are very stealthy in the water. (Stealth+)
You are amphibious.
You can wear up to eight rings at the same time.
You can use your tentacles to constrict eight enemies at once.
Your skin changes colour to match your surroundings (Stealth+).
Your rubbery body absorbs attacks. (AC +1, EV +1)
One of your tentacles bears a large vicious spike.


Message History

The elf zombie is severely damaged.
You constrict the elf zombie. The elf zombie misses you.
You bludgeon the elf zombie!
The elf zombie is almost destroyed.
You constrict the elf zombie.
You destroy the elf zombie!
Cheibriados appreciates the change of pace.
Your Invocations skill increases to level 1!
You tentacle-slap the mummy. You grab the mummy.
You pierce the mummy.
The mummy is lightly damaged.
You constrict the mummy. You tentacle-slap the mummy.
You pierce the mummy, but do no damage.
The mummy is moderately damaged.
You constrict the mummy. The mummy hits you!!
* * * LOW HITPOINT WARNING * * *
You tentacle-slap the mummy.
You pierce the mummy, but do no damage.
The mummy is heavily damaged.
You constrict the mummy.
You feel better.
You constrict the mummy. The mummy hits you!
You die...

#.......# ##.....##
###.### #'# ## ###.###
##### ##Z. ##.....##
##...## #.... #.......#
#.....#
#.....###...∩...###.....#
M....ZZM@..∩∩∩...'.......
#.....###...∩...###.....#
#.... #.......# #.....#
##.. ##.....## ##...## ##
###.### ##### #'# ###.###
##.....## #.......#


You could see a mummy, a centaur zombie and a human zombie.

Vanquished Creatures
  Psyche (D:8)
  2 orc warriors
  3 ogres
  2 centaurs (D:6)
  5 elf zombies (Ossuary)
  A bullfrog (D:7)
  A water moccasin zombie (D:5)
  A scorpion (D:6)
  3 centaur zombies (Ossuary)
  3 crimson imps
  6 orc priests
  2 jellies
  A bullfrog skeleton (D:5)
  A hound (D:4)
  2 human zombies (Ossuary)
  2 worker ants
  3 iguanas
  7 orc wizards
  A hound skeleton (D:6)
  2 mummies (Ossuary)
  4 gnolls
  6 adders
  A howler monkey skeleton (D:4)
  A shadow imp (D:8)
  An adder skeleton (D:4)
  3 worms
  3 dart slugs
  4 leopard geckos
  30 orcs
  A ball python (D:1)
  10 bats
  6 giant cockroaches
  7 goblins
  6 hobgoblins
  3 jackals (D:1)
  5 quokkas
  7 frilled lizards
  6 kobolds
  A quokka skeleton (D:4)
  4 rats
158 creatures vanquished.

Notes
Turn   | Place    | Note
-------+----------+-------------------------------------------
     0 | D:1      | Hugehornet the Octopode Transmuter began the quest for the
                  | Orb.
     0 | D:1      | Reached XP level 1. HP: 13/13 MP: 3/3
   135 | D:1      | Reached XP level 2. HP: 8/18 MP: 3/5
   510 | D:1      | Learned a level 2 spell: Sticks to Snakes
   649 | D:1      | Reached skill level 1 in Stealth
   764 | D:2      | Reached XP level 3. HP: 19/23 MP: 6/6
  1233 | D:2      | Found a faded altar of an unknown god.
  1251 | D:2      | Reached XP level 4. HP: 26/28 MP: 5/7
  1813 | D:2      | Learned a level 3 spell: Spider Form
  2136 | D:3      | Reached XP level 5. HP: 3/33 MP: 2/8
  2444 | D:3      | Reached skill level 1 in Poison Magic
  3471 | D:4      | Found Bottaaka's Food Shop.
  3547 | D:4      | Reached XP level 6. HP: 34/38 MP: 6/9
  3673 | D:4      | Found Hesmes's Book Shoppe.
  3855 | D:4      | Found a glowing golden altar of the Shining One.
  3993 | D:4      | Found Suemp's General Store.
  4002 | D:4      | Bought a scroll of blinking for 105 gold pieces
  4002 | D:4      | Bought a potion of heal wounds for 70 gold pieces
  4139 | D:4      | Reached skill level 5 in Stealth
  4438 | D:4      | Found Vuaxoy's Gadget Emporium.
  4446 | D:4      | Found a glowing silver altar of Zin.
  4446 | D:4      | Noticed an angel
  4585 | D:4      | Found Hepozit's Distillery.
  4588 | D:4      | Bought a potion of heal wounds for 70 gold pieces
  4631 | D:5      | Entered Level 5 of the Dungeon
  4847 | D:5      | Reached XP level 7. HP: 39/43 MP: 8/10
  5088 | D:5      | Learned a level 4 spell: Ice Form
  5173 | D:5      | Reached skill level 5 in Transmutations
  5323 | D:5      | Found a basalt altar of Yredelemnul.
  5340 | D:5      | Reached skill level 5 in Unarmed Combat
  5464 | D:5      | Reached skill level 1 in Ice Magic
  5820 | D:5      | Noticed Sigmund
  5887 | D:5      | Found a hazy altar of Hepliaklqana.
  5992 | D:6      | Found Gozag's Platinum Reserve.
  5995 | D:6      | Found an opulent altar of Gozag.
  6081 | D:6      | Reached XP level 8. HP: 7/48 MP: 9/12
  7217 | D:6      | Found a staircase to the Ecumenical Temple.
  7226 | Temple   | Entered the Ecumenical Temple
  8728 | D:7      | Found a sacrificial altar of Ru.
  8736 | D:7      | Found a shattered altar of Ashenzari.
  8757 | D:7      | Found a snail-covered altar of Cheibriados.
  8757 | D:7      | Found a burning altar of Makhleb.
  8762 | D:7      | Became a worshipper of Cheibriados the Contemplative
  8798 | D:7      | Found a white marble altar of Elyvilon.
  8861 | D:7      | Reached XP level 9. HP: 16/53 MP: 11/14
  9178 | D:8      | Noticed Psyche
  9192 | D:8      | Killed Psyche
  9321 | D:8      | Found a sand-covered staircase.
  9329 | Ossuary  | Entered an ossuary
 10213 | Ossuary  | Reached skill level 1 in Invocations
 10219 | Ossuary  | Slain by a mummy

Levels and vault maps discovered:
D:1:      dpeg_arrival_long_road, layout_rooms, hangedman_decor_push,
          minmay_tetromino_l2
D:2:      layout_basic, chequers_ecumenical_altar_twisty
D:3:      layout_loops_ring, st_stairs_1, minmay_misc_feat_square
D:4:      layout_basic, tso_metal_star, zin_angel, serial_shops, shop,
          kennysheep_mini_moat, nicolae_shop_trees, kennysheep_mini, shop
D:5:      layout_loops_ring, yredelemnul_altar_generic, old_standard_altar,
          first_ration, kennysheep_dice, uniq_sigmund
D:6:      layout_basic, nicolae_gozag_zags_fifth_avenue,
          lemuel_temple_firewalk_a
D:7:      layout_rooms, chequers_temple_overflow_statue_of_worship,
          elyvilon_altar_5
D:8:      layout_cave_pods, enter_ossuary_2, uniq_psyche, uniq_maurice
Temple:   compressed_dpeg_triangle_lava_temple
Ossuary:  ossuary_minmay_four_chambers

Skill      XL: |  1  2  3  4  5  6  7  8  9 |
---------------+----------------------------+-----
Transmutations | 3 4 5 7 |  7.8
Stealth        | 1 2 3 4 5 |  5.6
Poison Magic   | 1 2 |  2.0
Unarmed Combat | 4 5 6 7 |  7.7
Ice Magic      | 1 3 |  3.5
Spellcasting   | 3 4 |  4.0
Invocations    | 1 |  1.0
Fighting       | |  1.0
Dodging        | |  2.0

Action                   |  1- 3 |  4- 6 |  7- 9 || total
-------------------------+-------+-------+-------++-------
Melee: Unarmed           |    85 |   144 |   245 ||   474
       Kick              |    18 |    14 |    47 ||    79
       Constrict         |    20 |    23 |    23 ||    66
       Tentacles         |     7 |     8 |    35 ||    50
       Punch             |     2 |     1 |     6 ||     9
 Cast: Beastly Appendage |    25 |    31 |    26 ||    82
       Spider Form       |       |     8 |    18 ||    26
       Sticks to Snakes  |       |       |     3 ||     3
  Use: Scroll            |     3 |     3 |     4 ||    10
       Potion            |       |       |     5 ||     5
 Stab: Sleeping          |     7 |    14 |     3 ||    24
  Eat: Chunk             |     1 |    10 |     7 ||    18
       Ration            |       |     1 |     4 ||     5
Armor: Skin              |     9 |     6 |     8 ||    23
Dodge: Dodged            |    68 |    85 |   137 ||   290
